 Dungeon Crawl Stone Soup version 0.27-a0-1177-g245c70e1c0 (webtiles) character file.

Game seed: 11437789636046511657

15 bilbop the Magician (level 2, -2/22 HPs)
             Began as a Djinni Venom Mage on May 16, 2021.
             Was a Follower of the Shining One.
             Killed from afar by a dart slug (4 damage)
             ... with a slug dart
             ... on level 3 of the Dungeon.
             The game lasted 00:04:23 (1056 turns).

bilbop the Magician (Djinni Venom Mage)             Turns: 1056, Time: 00:04:24

Health: -2/22      AC:  2    Str:  7    XL:     2   Next: 65%
Gold:   59         EV: 12    Int: 16    God:    the Shining One [*.....] SH:  0 Dex: 13

rFire    + + .     SeeInvis .   b - +0 falchion
rCold    x . .     Faith    .   (no shield)
rNeg     . . .     Spirit   .   a - +0 robe
rPois    ∞         Reflect  .   (no helmet)
rElec    .         Harm     .   (no cloak)
rCorr    .         Rampage  .   (no gloves)
Will     .....                  (boots unavailable)
Stlth    +.........             (no amulet)
HPRegen  0.07/turn              (no ring)
MPRegen  0.00/turn              (no ring)

@: flying, glowing
A: sickness immunity, fire resistance 2, cold vulnerability 1, float, innate
caster, hp casting, extra vitality 1
a: Renounce Religion


You were on level 3 of the Dungeon.
You worshipped the Shining One.
The Shining One was aware of your devotion.
You visited 1 branch of the dungeon, and saw 3 of its levels.

You collected 59 gold pieces.

Inventory:

Hand Weapons
 b - a +0 falchion (weapon)
 d - a +1 dagger of electrocution
Armour
 a - a +0 robe (worn)
Scrolls
 c - a scroll of vulnerability {unknown}
 e - a scroll of enchant weapon {unknown}
Potions
 f - 2 potions of invisibility {unknown}


   Skills:
 + Level 0.5 Fighting
 + Level 0.3 Long Blades
 - Level 2.1 Dodging
 + Level 1.8 Stealth
 * Level 2.6 Spellcasting
 + Level 0.5 Invocations


You couldn't memorise any spells.
You knew the following spells:

 Your Spells              Type           Power      Damage    Failure   Level
a - Sting                 Tmut/Pois      40%        1d5       7%          1
b - Poisonous Vapours     Pois/Air       20%        N/A       10%         2
c - Mephitic Cloud        Conj/Pois/Air  10%        N/A       21%         3
d - Ignite Poison         Fire/Tmut/Pois 10%        N/A       21%         3
e - Olgreb's Toxic Radia  Pois           10%        N/A       54%         4
Your spell library was empty.

Dungeon Overview and Level Annotations

Branches:
Dungeon (3/15)

Altars:
The Shining One

Shops:
D:1 =

Annotations:
D:2 Sigmund


Innate Abilities, Weirdness & Mutations

You are immune to sickness and miasma.
You are immune to poison.
Your flesh is very heat resistant. (rF++)
You are vulnerable to cold. (rC-)
You float through the air rather than walking.
You learn spells naturally, not from books.
Your magical power is your life essence.
You have superior vitality. (+4 HP)


Message History

Confirm with . or Enter, or press ? or * to list all spells.
Aiming: Poisonous Vapours (safe; 10% risk of failure)
Press: ? - help, Dir - move target, f - worm
Aim: a worm Poisonous vapours surround the worm!
* * * LOW HITPOINT WARNING * * *
You hear a zap.
You hear a grinding noise.
The worm is engulfed in poison gas.
The worm is poisoned.
Sigmund casts a spell at himself.
Sigmund flickers and vanishes!
Deactivating autopickup; reactivate with Ctrl-A.
You hear a zap.
You hear a grinding noise.
Found 8 gold pieces.
You hear a zap.
You hear a grinding noise.
You hear a zap.
You hear a grinding noise.
Found a stone staircase leading down.
You see here 8 gold pieces.
There is a stone staircase leading down here.
A magic dart appears from out of thin air!
The magic dart hits you.
* * * LOW HITPOINT WARNING * * *
You fly downwards.
Reactivating autopickup.
An endoplasm, a kobold and a dart slug come into view.
Found 8 gold pieces.
There is a stone staircase leading up here.
You are too injured to fight recklessly!
An orc comes into view. It is wielding a +0 mace.
The orc shouts!
An orc comes into view. It is wielding a +0 club.
The orc shouts!
You hear a shout!
The kobold shouts!
The endoplasm quivers.
You hit the dart slug.
The dart slug is moderately wounded.
You hit the dart slug.
The dart slug is heavily wounded.
The dart slug launches a dart at you. The slug dart hits you.
You die...

$. ##.# #. .#.#
#. .... # #. ..#
..#.##. ...#
......####...#.#
..#.#..w.........
....K..<@..o.o...
.#..#.......J....
#.#####...#.. ...
...# #.## ..# #
..# .. #.#


You could see a dart slug, 2 orcs, an endoplasm and a kobold.

Vanquished Creatures
  2 endoplasms (D:1)
  A giant cockroach (D:1)
  A goblin (D:2)
  A hobgoblin (D:1)
  A kobold (D:1)
  2 quokkas (D:1)
  3 ball pythons
  A bat (D:1)
  2 rats (D:1)
14 creatures vanquished.

Notes
Turn   | Place    | Note
-------+----------+-------------------------------------------
     0 | D:1      | bilbop the Djinni Venom Mage began the quest for the Orb.
     0 | D:1      | Reached XP level 1. HP: 15/15 MP: 0/0
   155 | D:1      | Found a faded altar of an unknown god.
   166 | D:1      | Became a worshipper of the Shining One
   166 | D:1      | Reached * piety under the Shining One
   288 | D:1      | Reached XP level 2. HP: 21/21 MP: 0/0
   579 | D:1      | Found Leeshohi's Jewellery Shop.
  1017 | D:2      | Noticed Sigmund
  1050 | D:2      | HP: 1/22 [something/magic dart (4)]
  1056 | D:3      | Killed from afar by a dart slug

Illustrated notes

Levels and vault maps discovered:
D:1:      dpeg_arrival_another_circle, layout_basic, serial_shops,
          nicolae_shop_temple_entry_statues_fountains,
          chequers_ecumenical_altar_simple_redux, bh_walls_and_bars
D:2:      minmay_skewed_foursquare, layout_loops_ring, uniq_sigmund,
          uniq_crazy_yiuf_cottage
D:3:      layout_loops_cross, lemuel_crystal_altar, uniq_terence

Action                   || total
-------------------------++-------
Melee: Falchion          ||    22
       Unarmed           ||     1
 Cast: Sting             ||     4
       Poisonous Vapours ||     2
Armor: Robe              ||     5
Dodge: Dodged            ||    13
       Rpst.: Falchion   ||     4

Table legend: (Time is in decaauts)
 A = Elapsed time spent in this place.
 B = Non-inter-level travel time spent in this place.
 C = Inter-level travel time spent in this place.
 D = Time resting spent in this place.
 E = Time spent auto-exploring this place.
 F = Levels seen in this place.
 G = Mean time per level.
                   A        B        C        D        E       F      G
               +--------+--------+--------+--------+--------+-----+--------+
         Total |   1061 |   1037 |     24 |    256 |    654 |   3 |  353.7 |
       Dungeon |   1061 |   1037 |     24 |    256 |    654 |   3 |  353.7 |
               +--------+--------+--------+--------+--------+-----+--------+

Top non-repeatable levels by time:
     D:1: 901 daAuts
     D:2: 154 daAuts
     D:3: 5 daAuts
